 Dungeon Crawl Stone Soup version 0.28.0-43-g3370ac3207 (webtiles) character file.

Game seed: 629300824373813894

17985 pkoi the Grappler (level 12, 0/86 HPs)
             Began as a Purple Draconian Monk on Mar 11, 2022.
             Was a High Priest of Hepliaklqana.
             Slain by a catoblepas (2 damage)
             ... while petrified by a catoblepas
             ... on level 2 of the Lair of Beasts.
             The game lasted 00:41:31 (19540 turns).

pkoi the Grappler (Purple Draconian Monk)          Turns: 19540, Time: 00:41:31

Health: 0/86       AC: 10    Str: 19    XL:     12   Next: 23%
Magic:  22/23      EV:  2    Int: 14    God:    Hepliaklqana [*****.]
Gold:   426        SH:  0    Dex: 13    Spells: 6/25 levels left

rFire   . . .      SeeInvis .     - Unarmed
rCold   + + .      Faith    .   (no shield)
rNeg    + + +      Spirit   .   (armour unavailable)
rPois   ∞          Reflect  .   (helmet restricted)
rElec   .          Harm     .   y - +1 cloak {Will+}
rCorr   .          Rampage  .   (no gloves)
Will    ++...                   (no boots)
Stlth   ++........              c - amulet of the acrobat
HPRegen 0.24/turn               i - ring of poison resistance
MPRegen 0.18/turn               k - ring of Divine Intervention {Fly rC++ Str+3}

@: petrified, flying
A: reduced essence, breathe power, AC +8, unfitting armour, cold-blooded
a: Breathe Dispelling Energy, Renounce Religion, Recall Ancestor, Ancestor
Identity, Transference, Idealise


You were on level 2 of the Lair of Beasts.
You worshipped Hepliaklqana.
Hepliaklqana was extremely pleased with you.
You visited 3 branches of the dungeon, and saw 14 of its levels.
You also visited: Sewer and Gauntlet.

You collected 522 gold pieces.
You spent 96 gold pieces at shops.

Inventory:

Hand Weapons
 e - a +3 dagger of protection
 C - a +6 trident
Missiles
 j - 53 poisoned darts (quivered)
 D - 7 curare-tipped darts
 H - 9 silver javelins
Armour
 y - a +1 cloak of willpower (worn)
 M - the +2 cloak of Opnon {Will- Str+6 Int-2 Dex+9}
   (You found it in a Gauntlet)

   Str:       It affects your strength (+6).
   Int:       It affects your intelligence (-2).
   Dex:       It affects your dexterity (+9).
   Will:      It decreases your willpower.
Jewellery
 c - an amulet of the acrobat (around neck)
 i - a ring of poison resistance (left hand)
 k - the ring of Divine Intervention (right hand) {Fly rC++ Str+3}
   (You found it in a Gauntlet)

   [ring of flight]

   Str:       It affects your strength (+3).
   rC:        It greatly protects you from cold.
   Fly:       It grants you flight.
 z - a ring of protection from fire
 E - a ring of positive energy
 F - a ring of ice
 J - an amulet of magic regeneration
Wands
 q - a wand of polymorph (12)
 v - a wand of paralysis (16)
 w - a wand of charming (11)
 x - a wand of mindburst (23)
 B - a wand of flame (16)
 L - a wand of digging (1)
Scrolls
 f - 2 scrolls of holy word
 h - 5 scrolls of fear
 l - 9 scrolls of teleportation
 o - a scroll of summoning
 p - 2 scrolls of amnesia
 r - 2 scrolls of immolation
 A - 3 scrolls of identify
 G - a scroll of magic mapping
 K - a scroll of enchant armour
Potions
 a - a potion of invisibility
 b - a potion of resistance
 d - 7 potions of curing
 g - 4 potions of magic
 m - 4 potions of cancellation
 n - 2 potions of ambrosia
 s - a potion of haste
 t - 3 potions of might
 u - 2 potions of heal wounds
 I - 2 potions of lignification


   Skills:
 - Level 6.0 Fighting
 - Level 6.0 Dodging
 - Level 3.0 Stealth
 - Level 12.0 Unarmed Combat
 + Level 7.3 Spellcasting
 + Level 6.1 Summonings
 + Level 5.9 Transmutations
 + Level 7.2 Ice Magic
 + Level 5.2 Air Magic
 - Level 3.0 Invocations
 - Level 3.0 Evocations


You had 6 spell levels left.
You knew the following spells:

 Your Spells              Type           Power      Damage    Failure   Level
a - Frozen Ramparts       Ice            50%        1d7       1%          3
b - Ice Form              Ice/Tmut       23%        N/A       9%          4
c - Summon Ice Beast      Ice/Summ       23%        N/A       9%          4
d - Airstrike             Air            9%         N/A       16%         4
e - Summon Lightning Spi  Summ/Air       21%        N/A       13%         4

Your spell library contained the following spells:

 Spells                   Type           Power      Damage    Failure   Level
 Freeze                   Ice            100%       1d11      1%          1
 Static Discharge         Conj/Air       12%        N/A       7%          2
 Hailstorm                Conj/Ice       15%        3d5       30%         4
 Lightning Bolt           Conj/Air       6%         1d18      78%         5
 Maxwell's Capacitive Co  Air            9%         ∞         100%        8


Dungeon Overview and Level Annotations

Branches:
Dungeon (11/15)            Temple (1/1) D:7            Lair (2/6) D:11
    Orc (0/2) D:9           Sewer (visited)         Gauntlet (visited)
  Swamp: Lair:2-4    Shoals: Lair:2-4     Snake: Lair:2-4    Spider: Lair:2-4

Altars:
Ashenzari
Cheibriados
Dithmenos
Elyvilon
Fedhas
Gozag
Hepliaklqana
Kikubaaqudgha
Makhleb
Nemelex Xobeh
Okawaru
Qazlal
Ru
Sif Muna
Trog
Uskayaw
Vehumet
Wu Jian
Xom
Yredelemnul
Zin
The Shining One

Shops:
D:8 !   D:10 =

Annotations:
D:9 exclusion: statue


Innate Abilities, Weirdness & Mutations

Your life essence is reduced to manifest your ancestor. (-10% HP)
You can breathe bolts of dispelling energy.
Your rich purple scales are hard. (AC +8)
You cannot fit into any form of body armour.
You are cold-blooded and may be slowed by cold attacks.


Message History

The catoblepas is almost dead.
The wall freezes the catoblepas.
The catoblepas breathes a plume of calcifying dust at you.
The blast of calcifying dust hits you!
* * * LOW HITPOINT WARNING * * *
You hit the catoblepas.
The catoblepas is almost dead.
You are engulfed in calcifying dust.
You are slowing down.
Unknown command.
Unknown command.
Your frozen ramparts will break if you move.
Continue?
The frozen ramparts melt away as you move.
The catoblepas breathes a plume of calcifying dust at you.
The blast of calcifying dust hits you.
* * * LOW HITPOINT WARNING * * *
The catoblepas completely misses you.
Your limbs are stiffening.
Unknown command.
The plant is engulfed in calcifying dust.
The catoblepas completely misses you.
You have turned to stone.
The plant is engulfed in calcifying dust.
The plant turns to stone!
The catoblepas gores you!
* * * LOW HITPOINT WARNING * * *
The plant is engulfed in calcifying dust.
The catoblepas gores you!
* * * LOW HITPOINT WARNING * * *
The plant is engulfed in calcifying dust.
The catoblepas gores you!!
* * * LOW HITPOINT WARNING * * *
The plant is engulfed in calcifying dust.
A nearby plant withers and dies.
The catoblepas breathes a plume of calcifying dust at you.
The blast of calcifying dust hits you.
* * * LOW HITPOINT WARNING * * *
You are engulfed in calcifying dust.
The catoblepas gores you!
* * * LOW HITPOINT WARNING * * *
You are engulfed in calcifying dust.
The catoblepas gores you!!
* * * LOW HITPOINT WARNING * * *
You are engulfed in calcifying dust.
The catoblepas gores you.
You die...

#.#.+###..#....#
##.........# ...#
#...#†....## ..#
#......# .).# #
#......# ...#
###.##.....# ....
#.#.###.P.##.....
#...P.#..###.....
# #..§§@Y........
#.#..............
#......<........
##..............
#....).........
#..#..#÷#P.+##..
#..#.........# .
##.P.........#
............#


You could see a catoblepas.

Vanquished Creatures
  A minotaur (Gauntlet)
  Fannar (D:10)
  3 two-headed ogres
  Sonja (Lair:2)
  A centaur zombie (D:11)
  2 cane toads
  A komodo dragon (Lair:1)
  11 yaks
  A shadow (D:10)
  A wyvern (D:10)
  A human (D:9)
  Grum (D:10)
  2 vampire mosquitoes (D:10)
  A warg (D:8)
  A water moccasin (Lair:1)
  4 orc warriors
  A necrophage (D:7)
  3 centaurs
  2 ogres
  4 wolves
  4 kobold brigands
  2 phantoms
  2 bullfrogs (Lair:1)
  2 gnoll sergeants
  A scorpion (D:5)
  A wyvern zombie (D:8)
  6 killer bees (D:8)
  5 wights
  2 bullfrog zombies (D:5)
  A hound (D:6)
  4 orc priests
  2 centaur skeletons (D:6)
  Jessica (D:3)
  An iguana (D:5)
  A scorpion zombie (D:5)
  8 orc wizards
  6 gnolls
  7 adders
  2 shadow imps (D:7)
  3 white imps
  4 worms
  A dart slug (D:3)
  28 orcs
  7 ball pythons
  3 bats
  9 endoplasms
  3 giant cockroaches
  7 hobgoblins
  7 jackals
  5 quokkas
  7 frilled lizards
  8 goblins
  10 kobolds
  12 rats
  A butterfly (Lair:1)
216 creatures vanquished.

Vanquished Creatures (collateral kills)
  A hydra (Lair:1)
  A black mamba (Lair:1)
  An unseen horror (D:10)
  2 kobold demonologists
  A troll (D:11)
  2 wyverns (Lair:1)
  9 yaks
  A basilisk (Lair:1)
  A wraith (D:11)
  A vampire mosquito (D:10)
  A steam dragon (D:8)
  An acid dragon (D:10)
  A nameless horror (Lair:1)
  4 water moccasins
  4 ice beasts
  2 orc warriors (D:9)
  2 sky beasts
  3 black bears
  A necrophage (D:5)
  An ogre (D:5)
  A wolf (Lair:1)
  4 centaurs
  2 kobold brigands (D:9)
  2 scorpions (D:5)
  A bullfrog (D:6)
  A wyvern zombie (D:6)
  3 killer bees (D:8)
  3 wights
  2 electric eels
  A centaur zombie (D:6)
  A hound (D:4)
  A centaur skeleton (D:6)
  3 orc priests
  Crazy Yiuf (D:3)
  4 jellies (Sewer)
  2 orc wizards
  A hound skeleton (D:4)
  A howler monkey zombie (D:8)
  2 gnolls (D:8)
  A river rat (Sewer)
  An adder (Sewer)
  A shadow imp (D:8)
  A white imp (Gauntlet)
  8 orcs
  3 endoplasms (Sewer)
  3 giant cockroaches (D:4)
  5 kobolds (D:9)
  2 ball pythons (Sewer)
  3 frilled lizards (Sewer)
  A rat (Sewer)
  A butterfly (Lair:1)
106 creatures vanquished.

Vanquished Creatures (others)
  8 knights
  9 fungi (Lair:2)
  10 plants
27 creatures vanquished.

Grand Total: 349 creatures vanquished

Notes
Turn   | Place    | Note
-------+----------+-------------------------------------------
     0 | D:1      | pkoi the Draconian Monk began the quest for the Orb.
     0 | D:1      | Reached XP level 1. HP: 19/19 MP: 1/1
   307 | D:1      | Reached XP level 2. HP: 26/26 MP: 2/2
   462 | D:1      | You fall into a shaft and drop 1 floor!
   801 | D:1      | Reached skill level 4 in Unarmed Combat
  1574 | D:2      | Reached XP level 3. HP: 17/31 MP: 3/3
  1882 | D:2      | Found a faded altar of an unknown god.
  2632 | D:3      | Reached skill level 5 in Unarmed Combat
  2632 | D:3      | Reached XP level 4. HP: 34/38 MP: 4/4
  2904 | D:3      | Noticed Jessica
  2927 | D:3      | Killed Jessica
  3140 | D:3      | Found a runed translucent door.
  3141 | D:3      | Noticed Crazy Yiuf
  3275 | D:3      | Reached XP level 5. HP: 44/45 MP: 5/5
  3350 | D:3      | Found a hazy altar of Hepliaklqana.
  3351 | D:3      | Found a faded altar of an unknown god.
  3933 | D:3      | Became a worshipper of Hepliaklqana the Forgotten
  3933 | D:3      | Reached * piety under Hepliaklqana
  3933 | D:3      | Reached ** piety under Hepliaklqana
  3958 | D:3      | Remembered your ancestor Numeria as a knight
  4070 | D:4      | Noticed a black bear
  4080 | D:4      | Killed a black bear
  4081 | D:4      | Reached skill level 6 in Unarmed Combat
  4275 | D:4      | Noticed a sky beast
  4293 | D:4      | Found a glowing drain.
  4302 | D:4      | Reached XP level 6. HP: 10/45 MP: 6/6
  4302 | Sewer    | Entered a sewer
  4692 | Sewer    | Reached skill level 7 in Unarmed Combat
  4792 | Sewer    | Found a viscous altar of Jiyva.
  5009 | D:4      | Killed a sky beast
  5010 | D:4      | Reached skill level 1 in Invocations
  5010 | D:4      | Your scales start taking on a rich purple colour.
  5010 | D:4      | Reached XP level 7. HP: 51/51 MP: 7/7
  5014 | D:4      | Learned a level 3 spell: Frozen Ramparts
  5555 | D:5      | Entered Level 5 of the Dungeon
  5793 | D:5      | Reached skill level 8 in Unarmed Combat
  5793 | D:5      | Reached skill level 1 in Spellcasting
  5818 | D:5      | Reached skill level 1 in Ice Magic
  6211 | D:5      | Reached XP level 8. HP: 59/59 MP: 10/10
  7208 | D:6      | Reached skill level 9 in Unarmed Combat
  7219 | D:6      | Reached skill level 5 in Fighting
  7381 | D:6      | Found a blossoming altar of Fedhas.
  7453 | D:6      | Reached XP level 9. HP: 55/66 MP: 14/14
  7813 | D:6      | Learned a level 4 spell: Ice Form
  7818 | D:6      | Learned a level 4 spell: Summon Ice Beast
  7902 | D:6      | Reached skill level 10 in Unarmed Combat
  8135 | D:6      | Reached skill level 5 in Dodging
  8302 | D:6      | Found an ornate altar of the Wu Jian Council.
  8696 | D:7      | Reached skill level 1 in Summonings
  8696 | D:7      | Reached skill level 1 in Transmutations
  8790 | D:7      | Found a staircase to the Ecumenical Temple.
  8801 | Temple   | Entered the Ecumenical Temple
  8911 | D:7      | Reached *** piety under Hepliaklqana
  9571 | D:8      | Found Bargh's Distillery.
  9578 | D:8      | Bought a potion of mutation for 96 gold pieces
 10218 | D:8      | Reached XP level 10. HP: 43/74 MP: 17/17
 10432 | D:8      | Found a large runed translucent door.
 10432 | D:8      | Found a large runed translucent door.
 10675 | D:8      | Reached skill level 5 in Spellcasting
 11433 | D:8      | Found a bloodstained altar of Trog.
 11436 | D:8      | Found a snail-covered altar of Cheibriados.
 11613 | D:3      | Killed Crazy Yiuf
 12221 | D:9      | Found a radiant altar of Vehumet.
 12543 | D:9      | Identified the +1 robe "Epholos" {rF+ rC+ rN+}
 12851 | D:9      | Learned a level 4 spell: Airstrike
 12887 | D:9      | Reached skill level 5 in Ice Magic
 12896 | D:9      | Reached skill level 1 in Air Magic
 12901 | D:9      | Reached skill level 11 in Unarmed Combat
 13096 | D:9      | Reached **** piety under Hepliaklqana
 13114 | D:9      | Found a staircase to the Orcish Mines.
 13248 | D:9      | Found a hide-covered altar of Uskayaw.
 13899 | D:9      | Reached XP level 11. HP: 79/80 MP: 13/20
 13907 | D:9      | Noticed a two-headed ogre
 14005 | D:8      | Learned a level 4 spell: Summon Lightning Spire
 14064 | D:9      | Killed a two-headed ogre
 14577 | D:10     | Entered Level 10 of the Dungeon
 14782 | D:10     | Noticed Fannar
 14797 | D:10     | Killed Fannar
 15290 | D:10     | Found a sparkling altar of Nemelex Xobeh.
 15331 | D:10     | Noticed Grum
 15345 | D:10     | Killed Grum
 15651 | D:10     | Found Kesuisez's Jewellery Shop.
 15847 | D:10     | Found a basalt altar of Yredelemnul.
 15952 | D:11     | Noticed a two-headed ogre
 15972 | D:11     | Reached skill level 12 in Unarmed Combat
 16003 | D:11     | Killed a two-headed ogre
 16129 | D:11     | Reached skill level 5 in Summonings
 16192 | D:11     | Noticed a boulder beetle
 16221 | D:11     | Noticed a two-headed ogre
 16230 | D:11     | Killed a two-headed ogre
 16231 | D:11     | Reached skill level 5 in Transmutations
 16231 | D:11     | Reached skill level 1 in Evocations
 17226 | D:11     | Found a staircase to the Lair.
 17241 | Lair:1   | Entered Level 1 of the Lair of Beasts
 17304 | Lair:1   | Noticed a seven-headed hydra
 17311 | Lair:1   | Killed a seven-headed hydra
 17392 | Lair:1   | Found a gate leading to a gauntlet.
 17409 | Gauntlet | Entered a Gauntlet
 17409 | Gauntlet | Noticed a purple ugly thing
 17409 | Gauntlet | Found a transporter.
 17409 | Gauntlet | Reached ***** piety under Hepliaklqana
 17417 | Gauntlet | Noticed a glowing orange brain
 17418 | Gauntlet | Found a transporter.
 17434 | Gauntlet | Noticed an obsidian statue
 17438 | Gauntlet | Found a transporter.
 17439 | Gauntlet | Found a transporter.
 17441 | Gauntlet | Noticed a wizard
 17441 | Gauntlet | Noticed a wizard
 17456 | Gauntlet | Found a transporter.
 17466 | Gauntlet | Noticed a wizard
 17469 | Gauntlet | Found a transporter.
 17469 | Gauntlet | Noticed a wizard
 17473 | Gauntlet | Found a transporter.
 17476 | Gauntlet | Found a transporter.
 17499 | Gauntlet | Found a transporter.
 17517 | Gauntlet | Noticed a green death
 17519 | Gauntlet | Found a transporter.
 17523 | Gauntlet | Found a transporter.
 17529 | Gauntlet | Noticed a hell hog
 17531 | Gauntlet | Found a transporter.
 17632 | Gauntlet | Identified the ring of Divine Intervention {Fly rC++ Str+3}
 17902 | Gauntlet | Identified the +2 cloak of Opnon {Will- Str+6 Int-2 Dex+9}
 17978 | Gauntlet | Noticed a minotaur
 17988 | Gauntlet | Killed a minotaur
 17989 | Gauntlet | Reached XP level 12. HP: 40/86 MP: 16/22
 18823 | Lair:1   | Reached skill level 5 in Air Magic
 19273 | Lair:2   | Noticed Sonja
 19279 | Lair:2   | Killed Sonja
 19443 | Lair:2   | Noticed a catoblepas
 19539 | Lair:2   | HP: 2/86 [catoblepas (11)]
 19540 | Lair:2   | Slain by a catoblepas

Illustrated notes

Levels and vault maps discovered:
D:1:      amcnicky_arrival_abandoned_market, layout_basic,
          minmay_misc_feat_nine_boxes
D:2:      layout_loops_corners, basic_ecumenical_altar
D:3:      layout_loops_ring, beargit_hepliaklqana_dungeon_heroes,
          minmay_crystal_water, minmay_between, uniq_jessica,
          uniq_crazy_yiuf_cottage
D:4:      layout_loops_cross, portal_sewer_entry_f
D:5:      layout_loops_ring, minmay_checkerbox
D:6:      layout_basic, amcnicky_altar_gilded, nzn_wu_jian_council_hall,
          hangedman_decor_opposing, st_stairs_3
D:7:      layout_basic, minmay_temple_entry_waves
D:8:      layout_rooms, jmf_multi_god_temple2, serial_shops, shop_fountains,
          minmay_misc_feat_rows, kennysheep_donut
D:9:      layout_roguey, vehumet_statue, general_overflow_altar, erik_orc_4
D:10:     layout_loops_ring, nemelex_diamond_rough_becter,
          mainiacjoe_overflow_alcove_1, serial_shops, shop,
          nicolae_concentric_dashed_squares_mild, uniq_grum, uniq_fannar
D:11:     layout_basic, lair_entry_dummy
Temple:   cyrus_circular_temple
Lair:1:   layout_cave_pods, gauntlet_entry_generic, lemuel_fruit_fields,
          grunt_megastairs_4
Lair:2:   layout_regular_city, dummy_spider_entry,
          hellmonk_ghost_happy_afterlife, worms_lemuel, lemuel_fruit_tree,
          uniq_sonja

Skill      XL: |  1  2  3  4  5  6  7  8  9 10 11 12 |
---------------+-------------------------------------+-----
Unarmed Combat | 4 5 6 7 8 9 10 11 12 | 12.0
Invocations    | 1 2 3 |  3.0
Dodging        | 3 4 5 6 |  6.0
Spellcasting   | 1 3 4 6 7 |  7.3
Ice Magic      | 1 3 4 5 6 7 |  7.2
Fighting       | 4 5 6 |  6.0
Summonings     | 1 3 5 6 |  6.1
Transmutations | 1 3 5 |  5.9
Stealth        | 3 |  3.0
Air Magic      | 2 4 5 |  5.2
Evocations     | 2 3 |  3.0

Action                   |  1- 3 |  4- 6 |  7- 9 | 10-12 || total
-------------------------+-------+-------+-------+-------++-------
Melee: Unarmed           |   135 |   142 |   216 |   204 ||   697
       Tailslap          |    18 |    24 |    48 |    42 ||   132
       Punch             |     4 |     5 |    16 |    15 ||    40
       Trident           |       |       |       |    59 ||    59
 Cast: Frozen Ramparts   |       |       |    11 |    63 ||    74
       Ice Form          |       |       |       |     1 ||     1
       Summon Ice Beast  |       |       |       |     2 ||     2
       Summon Lightning  |       |       |       |     2 ||     2
Invok: Ancestor Life: Kn |       |     1 |       |       ||     1
       Ancestor Identity |       |     1 |       |       ||     1
       Recall Ancestor   |       |     1 |     2 |    12 ||    15
 Abil: Breathe Dispellin |       |       |     2 |     3 ||     5
Evoke: Wand              |       |       |       |     3 ||     3
  Use: Scroll            |       |     2 |    12 |     6 ||    20
       Potion            |       |       |     3 |     1 ||     4
 Stab: Sleeping          |     7 |     3 |     4 |     1 ||    15
       Distracted        |       |       |       |     4 ||     4
       Paralysed         |       |       |       |     6 ||     6
Armor: Skin              |    33 |    22 |    41 |    60 ||   156
Dodge: Dodged            |    82 |    96 |   156 |   241 ||   575
